 Dungeon Sprint DCSS version 0.17-a0-1575-g9a29ec8 (webtiles) character file.

0 nuthulu the Chucker (level 3, -2/37 HPs)
             Began as a Troll Hunter on July 26, 2015.
             Was a Follower of Trog.
             Slain by a worker ant (5 damage)
             ... in the Dungeon (Sprint VI: "Thunderdome").
             The game lasted 00:00:44 (46 turns).

nuthulu the Chucker (Troll Hunter)                    Turns: 46, Time: 00:00:44

Health: -2/37      AC:  5    Str: 25    XL:     3   Next: 39%
Magic:  2/2        EV: 10    Int:  7    God:    Trog [*.....]
Gold:   32         SH:  0    Dex: 11    Spells: 0 memorised, 2 levels left

rFire  . . .     SeeInvis .       - Unarmed
rCold  . . .     Clarity  .     d - +0 robe
rNeg   . . .     SustAt   .     (no shield)
rPois  .         Gourm    +     (helmet restricted)
rElec  .         Spirit   .     (no cloak)
rCorr  .         Warding  .     (gloves unavailable)
rMut   .         NoTele   +     (boots unavailable)
MR     .....                    (no amulet)
Stlth  +.........               (no ring)
                                (no ring)

@: mighty, lethally poisoned (-2 -> -4), not resistant to hostile enchantments,
very unstealthy
A: unfitting armour, claws 3, fast metabolism 3, gourmand, regeneration 2,
shaggy fur 1, tough skin 2
a: Burn Spellbooks, Berserk, Renounce Religion


You were in the Dungeon.
You worshipped Trog.
Trog was aware of your devotion.
You were not hungry.

You visited 1 branch You collected 200 gold pieces.
You spent 168 gold pieces at shops.

Inventory:

Missiles
 a - 5 large rocks (quivered)
 b - 2 throwing nets
Armour
 d - a +0 robe (worn)
Magical devices
 l - a wand of cold (5)
 m - a wand of fire (5)
Scrolls
 k - 4 scrolls of blinking
 n - 3 scrolls of fog
Potions
 c - 5 potions of might
 g - 3 potions of heal wounds
 h - 4 potions of haste
 i - 2 potions of magic
 j - a potion of berserk rage
 o - a potion of resistance
Comestibles
 e - 2 bread rations


   Skills:
 + Level 3.2 Fighting
 + Level 4.6 Throwing
 + Level 3.2 Dodging
 - Level 0.4 Stealth
 + Level 3.1 Unarmed Combat


You had 2 spell levels left.
You didn't know any spells.

Dungeon Overview and Level Annotations

Branches:
Dungeon (1/1)

Altars:
Cheibriados
Fedhas
Kikubaaqudgha
Okawaru
Qazlal
Ru
Trog
Vehumet
Zin
Jiyva

Shops:
D **[(!!!!


Innate Abilities, Weirdness & Mutations

You are too large for most types of armour.
You have claws for hands.
Your metabolism is lightning-fast.
You like to eat raw meat.
You heal very quickly.
You are covered in fur (AC +1).
You have very tough skin (AC +2).


Message History

You are more poisoned.
The worker ant poisons you!
You claw the worker ant!
The worker ant is heavily wounded.
You feel sick.
The worker ant bites you but does no damage. x2
Unknown command.
You claw the worker ant!
You kill the worker ant!
Trog accepts your kill.
You can now go berserk at will.
Your Fighting skill increases to level 3!
Your Dodging skill increases to level 3!
Your Unarmed Combat skill increases to level 3!
You have reached level 3!
Your experience leads to an increase in your attributes!
Your base attributes are Str 19, Int 7, Dex 10.
Increase (S)trength, (I)ntelligence, or (D)exterity?
You feel agile.
You feel stronger.
You feel sick. The worker ant bites you.
You die...

#⌠.. .....⌠# #.8..
....8.###### .....
#......___∩## ..8.
#.8........∩###
..###.............##
#...# #..........⌠# ..
#.<.# #..........⌠# ..#
#...###..........⌠#
.....###@............##
...8. #a8........∩###
......###......__.∩##
#.8.........8.######
#⌠...........⌠#
###.........###
#_......._# #.........#
#_......._#


You could see a worker ant.

Vanquished Creatures
  2 worker ants (D)
2 creatures vanquished.

Notes
Turn   | Place    | Note
--------------------------------------------------------------
     0 | D        | nuthulu the Troll Hunter began the quest for the Orb.
     0 | D        | Reached XP level 1. HP: 19/19 MP: 0/0
     2 | D        | Found a blossoming altar of Fedhas.
     2 | D        | Found an ancient bone altar of Kikubaaqudgha.
     3 | D        | Found a bloodstained altar of Trog.
     4 | D        | Found a viscous altar of Jiyva.
     5 | D        | Found Juliuc's Do-It-Yourself Clinic.
     5 | D        | Found a radiant altar of Vehumet.
     5 | D        | Found an iron altar of Okawaru.
     5 | D        | Found Jaipri's Distillery.
     5 | D        | Round 1.
     6 | D        | Found Eroboami's Bottled Wisdom.
     6 | D        | Found Dymiy's Distillery.
     7 | D        | Found a sacrificial altar of Ru.
    11 | D        | Became a worshipper of Trog the Wrathful
    16 | D        | Found a stormy altar of Qazlal.
    19 | D        | Bought 6 potions of might for 168 gold pieces
    28 | D        | Found Eryfenk's Weapon Rack.
    29 | D        | Found a glowing silver altar of Zin.
    29 | D        | Found a snail-covered altar of Cheibriados.
    29 | D        | Found Quaj Pot's Premium Goods.
    29 | D        | Found Paematz's Basic Armour.
    29 | D        | Found Foal's Miscellaneous Merchandise.
    30 | D        | Noticed a worker ant
    30 | D        | Noticed a worker ant
    36 | D        | Noticed a worker ant
    41 | D        | Killed a worker ant
    41 | D        | Reached skill level 4 in Throwing
    41 | D        | Reached XP level 2. HP: 14/29 MP: 1/1
    46 | D        | Killed a worker ant
    46 | D        | Acquired Trog's first power
    46 | D        | Reached XP level 3. HP: 3/37 MP: 2/2
    46 | D        | Slain by a worker ant

Vault maps used:
D:        arena_sprint

Action                   || total
-------------------------++-------
Melee: Unarmed           ||     7
  Use: Potion            ||     3
